 Dungeon Crawl Stone Soup version 0.25-a0-578-gc91f01c39c (webtiles) character file.

Game seed: 7436614858851122116, levelgen mode: deterministic

231 Flugslaktarn the Chopper (level 5, -5/47 HPs)
             Began as a Minotaur Fighter on Mar 3, 2020.
             Was an Initiate of Makhleb.
             Slain by an ice beast (10 damage)
             ... on level 4 of the Dungeon.
             The game lasted 00:01:12 (1691 turns).

Flugslaktarn the Chopper (Minotaur Fighter)         Turns: 1691, Time: 00:01:13

Health: -5/47      AC: 10    Str: 22    XL:     5   Next: 72%
Magic:  4/4        EV:  5    Int:  5    God:    Makhleb [......]
Gold:   71         SH:  9    Dex:  9    Spells: 4/4 levels left

rFire    . . .     SeeInvis .   a - +1 war axe
rCold    . . .     Gourm    .   c - +0 kite shield
rNeg     . . .     Faith    .   m - +0 chain mail
rPois    .         Spirit   .   (helmet restricted)
rElec    .         Reflect  .   h - +0 cloak
rCorr    .         Harm     .   (no gloves)
MR       .....                  (no boots)
Stlth    ..........             (no amulet)
HPRegen  0.15/turn              (no ring)
MPRegen  0.09/turn              (no ring)

@: no status effects
A: retaliatory headbutt, horns 2
a: Renounce Religion


You were on level 4 of the Dungeon.
You worshipped Makhleb.
Makhleb was noncommittal.
You were not hungry.

You visited 2 branches of the dungeon, and saw 6 of its levels.

You collected 71 gold pieces.

Inventory:

Hand Weapons
 a - a +1 war axe (weapon)
Armour
 b - a +0 scale mail
 c - a +0 kite shield (worn)
 h - a +0 cloak (worn)
   (You took it off Crazy Yiuf on level 2 of the Dungeon)
 m - a +0 chain mail (worn)
   (You found it on level 4 of the Dungeon)
Scrolls
 g - a scroll of random uselessness {unknown}
 i - a scroll of enchant weapon
 n - a scroll of identify {unknown}
 o - a scroll of noise {unknown}
 t - a scroll of teleportation
 x - a scroll of remove curse
Potions
 d - a potion of might
 j - a potion of haste {unknown}
 k - a potion of stabbing {unknown}
 l - a potion of lignification {unknown}
 q - a potion of curing
Comestibles
 e - 12 rations


   Skills:
 + Level 4.7 Fighting
 * Level 5.0 Axes
 + Level 4.7 Armour
 + Level 4.8 Shields
 + Level 0.0 Invocations


You had 4 spell levels left.
You didn't know any spells.
Your spell library was empty.

Dungeon Overview and Level Annotations

Branches:
Dungeon (5/15)             Temple (1/1) D:4

Altars:
Cheibriados
Elyvilon
Gozag
Hepliaklqana
Kikubaaqudgha
Makhleb
Nemelex Xobeh
Okawaru
Qazlal
Sif Muna
Trog
Uskayaw
Vehumet
Wu Jian
Xom
Yredelemnul
Zin
The Shining One


Innate Abilities, Weirdness & Mutations

You reflexively headbutt those who attack you in melee.
You have a pair of horns on your head.


Message History

You are too injured to fight recklessly!
You are too injured to fight recklessly!
You are too injured to fight recklessly!
You are too injured to fight recklessly!
You are too injured to fight recklessly!
You are too injured to fight recklessly!
You are too injured to fight recklessly!
Unknown command.
There is a stone staircase leading up here.
The ice beast completely misses you. You furiously retaliate!
You headbutt the ice beast, but do no damage.
You climb upwards.
All of the chunks of flesh in your inventory have rotted away.
There is a stone staircase leading down here.
Unknown command.
Unknown command.
You closely miss the ice beast. The ice beast hits you.
* * * LOW HITPOINT WARNING * * *
The ice beast freezes you!
You die...

#..........###.##.#.#....
#.#########.......#...###
#.# #.....#..#####.# #.#
#.##..<......#.### #.#
#................. ####.#
#.##.....#.###.### #<...#
#.##.........#.# ######
#.########.#.#.###
#@Y...............
#)........##...###
#.........##...#
#..........#...###
#.....(....#......
#..........#.#..#.
#.....(....#.#..#.
#..........#.#..#.
#..........#.#..#.


You could see an ice beast.

Vanquished Creatures
  A howler monkey (D:4)
  Crazy Yiuf (D:2)
  2 worker ants
  4 gnolls
  2 adders (D:2)
  2 oozes (D:1)
  A dart slug (D:2)
  6 orcs
  2 giant cockroaches
  5 goblins
  2 hobgoblins (D:1)
  3 kobolds
  2 quokkas
  3 bats (D:1)
  5 frilled lizards
  4 rats (D:1)
45 creatures vanquished.

Notes
Turn   | Place    | Note
-------+----------+-------------------------------------------
     0 | D:1      | Flugslaktarn the Minotaur Fighter began the quest for the
                  | Orb.
     0 | D:1      | Reached XP level 1. HP: 19/19 MP: 0/0
    22 | D:1      | Reached skill level 3 in Axes
    22 | D:1      | Reached XP level 2. HP: 21/27 MP: 1/1
   266 | D:1      | Reached XP level 3. HP: 33/33 MP: 2/2
   387 | D:2      | Found a runed translucent door.
   388 | D:2      | Noticed Crazy Yiuf
   443 | D:2      | Killed Crazy Yiuf
   443 | D:2      | Reached XP level 4. HP: 21/40 MP: 3/3
   623 | D:2      | Reached skill level 4 in Axes
  1019 | D:4      | Reached XP level 5. HP: 44/47 MP: 4/4
  1268 | D:4      | Found a staircase to the Ecumenical Temple.
  1277 | Temple   | Entered the Ecumenical Temple
  1284 | Temple   | Became a worshipper of Makhleb the Destroyer
  1449 | D:4      | Reached skill level 5 in Axes
  1649 | D:5      | Entered Level 5 of the Dungeon
  1666 | D:5      | Noticed an ogre
  1667 | D:5      | Noticed an ice beast
  1671 | D:5      | Noticed an ice beast
  1691 | D:4      | Slain by an ice beast

Levels and vault maps discovered:
D:1:      grunt_arrival_crossed_arrows, layout_rooms, minmay_tripent
D:2:      layout_loops_corners, uniq_crazy_yiuf_cottage
D:3:      layout_loops_ring
D:4:      layout_basic, minmay_temple_entry_poolview, first_ration,
          minmay_manual_mess
D:5:      layout_rooms, kennysheep_mini_moat, lemuel_flamethrower_1
Temple:   nicolae_temple_no_exploring_needed

Skill      XL: |  1  2  3  4  5 |
---------------+----------------+-----
Axes           | 3 4 5 |  5.0
Shields        | 4 |  4.8
Fighting       | 4 |  4.7
Armour         | 4 |  4.7

Action                   |  1- 3 |  4- 6 || total
-------------------------+-------+-------++-------
Melee: War axe           |    60 |    59 ||   119
       Headbutt          |     8 |    12 ||    20
  Use: Scroll            |       |     4 ||     4
  Eat: Chunk             |       |     3 ||     3
Armor: Scale mail        |    21 |    18 ||    39
       Chain mail        |       |     1 ||     1
Dodge: Dodged            |    12 |    11 ||    23
Block: Kite shield       |    18 |    20 ||    38

Table legend:
 A = Non-vault XP
 B = Vault XP
 C = Vault XP percentage of total XP
 D = Non-vault monster count
 E = Vault monster count
 F = Vault count percentage of total count
                 A         B        C        D         E       F
            +---------+---------+-------+---------+---------+-------
      Total |     220 |     110 |  33.3 |      39 |       6 |  13.3
            +---------+---------+-------+---------+---------+-------
        D:1 |      47 |       3 |   6.0 |      15 |       2 |  11.8
        D:2 |      74 |      44 |  37.3 |       9 |       1 |  10.0
        D:3 |       8 |       0 |   0.0 |       4 |       0 |   0.0
        D:4 |      91 |      63 |  40.9 |      11 |       3 |  21.4
            +---------+---------+-------+---------+---------+-------
